 Dungeon Crawl Stone Soup version 0.27.0-1-g7a089689b8 (webtiles) character file.

Game seed: 15097965015824591520

2264 pkoi the Protected (level 9, -3/81 HPs)
             Began as a Minotaur Fighter on Aug 17, 2021.
             Shot with a bolt by an orc warrior (12 damage)
             ... in a bailey.
             The game lasted 00:07:47 (4433 turns).

pkoi the Protected (Minotaur Fighter)               Turns: 4433, Time: 00:07:48

Health: -3/81      AC: 10    Str: 22    XL:     9   Next: 16%
Magic:  8/8        EV: 15    Int:  5    God:
Gold:   1349       SH:  8    Dex: 10    Spells: 8/8 levels left

rFire    + + .     SeeInvis .   j - +3 morningstar (flame)
rCold    . . .     Faith    .   p - +3 buckler "Fonynguk" {Slay+4}
rNeg     + . .     Spirit   .   q - +1 steam dragon scales
rPois    .         Reflect  .   (helmet restricted)
rElec    +         Harm     .   w - +0 cloak
rCorr    .         Rampage  .   (no gloves)
Will     .....                  f - +0 pair of boots
Stlth    ++........             k - amulet of regeneration
HPRegen  1.23/turn              o - ring of the Secret Artisans {rElec rF++ EV+4 Str-2 Stlth+}
MPRegen  0.11/turn              e - ring of positive energy

@: no status effects
A: horns 2, retaliatory headbutt
a: no special abilities


You were in a bailey.
You visited 1 branch of the dungeon, and saw 7 of its levels.
You also visited: Bailey.

You collected 1726 gold pieces.
You spent 377 gold pieces at shops.

Inventory:

Hand Weapons
 a - a +0 flail
 j - a +3 morningstar of flaming (weapon)
Missiles
 r - 10 poisoned darts (quivered)
Armour
 f - a +0 pair of boots (worn)
 p - the +3 buckler "Fonynguk" (worn) {Slay+4}
   (You bought it in a shop on level 4 of the Dungeon)

   Slay:      It affects your accuracy & damage with ranged weapons and melee
   (+4).
 q - +1 steam dragon scales (worn)
 w - a +0 cloak (worn)
Jewellery
 e - a ring of positive energy (right hand)
 k - an amulet of regeneration (around neck)
 n - an amulet of reflection
 o - the ring of the Secret Artisans (left hand) {rElec rF++ EV+4 Str-2 Stlth+}
   (You bought it in a shop on level 4 of the Dungeon)

   [ring of evasion]

   EV:        It affects your evasion (+4).
   Str:       It affects your strength (-2).
   rF:        It greatly protects you from fire.
   rElec:     It insulates you from electricity.
   Stlth:     It makes you more stealthy.
 u - a ring of magical power
Wands
 t - a wand of mindburst (8)
Scrolls
 g - a scroll of teleportation
 m - a scroll of identify
Potions
 d - a potion of might
 l - 2 potions of heal wounds
 s - a potion of berserk rage {unknown}
 v - a potion of degeneration {unknown}


   Skills:
 + Level 7.9 Fighting
 + Level 7.3 Maces & Flails
 + Level 3.2 Throwing
 + Level 8.0 Armour
 + Level 7.9 Shields


You had 8 spell levels left.
You didn't know any spells.
Your spell library contained the following spells:

 Spells                   Type           Power      Damage    Failure   Level
 Gell's Gravitas          Tloc           0%         N/A       85%         3
 Lesser Beckoning         Tloc           0%         N/A       85%         3
 Teleport Other           Tloc           0%         N/A       85%         3
 Animate Dead             Necr           0%         N/A       99%         4
 Leda's Liquefaction      Hex/Erth       0%         N/A       99%         4
 Olgreb's Toxic Radiance  Pois           0%         N/A       99%         4
 Bolt of Magma            Conj/Fire/Erth 0%         4d4       100%        5
 Borgnjor's Vile Clutch   Necr/Erth      0%         N/A       100%        5
 Death Channel            Necr           0%         N/A       100%        6
 Statue Form              Tmut/Erth      0%         N/A       100%        6
 Ozocubu's Refrigeration  Ice            0%         4d5       100%        7
 Ignition                 Fire           0%         3d3       100%        8


Dungeon Overview and Level Annotations

Branches:
Dungeon (7/15)             Temple (0/1) D:7          Bailey (1/1)

Altars:

Shops:
D:4 *


Innate Abilities, Weirdness & Mutations

You have a pair of horns on your head.
You reflexively headbutt those who attack you in melee.


Message History

The orc warrior looks even sicker.
The orc warrior is lightly wounded.
The orc warrior shoots a bolt.
The bolt barely misses you.
The orc warrior shoots a bolt.
The bolt completely misses you.
The orc warrior shoots a bolt.
You block the bolt.
The orc warrior shoots a bolt.
The bolt barely misses you.
The orc warrior shoots a bolt.
The bolt closely misses you.
The orc warrior shoots a bolt.
The bolt barely misses you.
The orc warrior shoots a bolt.
The bolt barely misses you.
You barely miss the orc warrior.
The orc warrior is heavily wounded.
The orc warrior unwields a +0 arbalest.
The orc warrior hits you but does no damage.
The orc warrior shoots a bolt.
The bolt misses you.
The orc warrior shoots a bolt.
The bolt hits you.
You closely miss the orc warrior. You headbutt the orc warrior!
The orc warrior is severely wounded.
The orc warrior hits you.
The orc warrior shoots a bolt.
The bolt hits you but does no damage.
The orc warrior shoots a bolt.
The bolt hits you!!
You barely miss the orc warrior.
The orc warrior is almost dead.
The orc warrior looks more healthy.
The orc warrior hits you.
The orc warrior shoots a bolt.
The bolt hits you but does no damage.
The orc warrior shoots a bolt.
The bolt hits you!
* * * LOW HITPOINT WARNING * * *
The orc warrior hits you.
* * * LOW HITPOINT WARNING * * *
The orc warrior shoots a bolt.
You block the bolt.
You hit the orc warrior. You burn the orc warrior.
You kill the orc warrior!
The orc warrior shoots a bolt.
The bolt hits you.
* * * LOW HITPOINT WARNING * * *
Your Armour skill increases to level 8!
Unknown command.
The orc warrior shoots a bolt.
The bolt hits you!
* * * LOW HITPOINT WARNING * * *
The orc warrior shoots a bolt.
The bolt hits you but does no damage.
The orc warrior shoots a bolt.
The bolt hits you!
You die...

#############
...........∩#
..........∩.#
............#
.........@..#
............#
............#
≈≈≈≈≈..)....#
≈#o#≈≈(.....#
#o##≈......#
o≈......#
##≈......#
≈≈......#


You could see 2 orc warriors.

Vanquished Creatures
  Maggie (D:6)
  A basilisk (D:6)
  A steam dragon (D:4)
  Duvessa (D:7)
  An ice beast (D:5)
  An orc warrior (Bailey)
  A black bear (D:5)
  2 ogres
  A centaur (D:6)
  A phantom (D:5)
  A scorpion (D:4)
  Dowan (D:7)
  3 killer bees (D:7)
  A howler monkey (D:4)
  A jelly (D:6)
  5 hounds
  3 orc priests
  2 centaur skeletons
  An iguana (D:3)
  A bullfrog skeleton (D:7)
  3 orc wizards
  10 adders
  A shadow imp (D:6)
  An adder skeleton (D:4)
  A worm (D:4)
  A dart slug (D:3)
  36 orcs
  4 bats
  7 endoplasms
  4 giant cockroaches
  22 goblins
  13 hobgoblins
  14 jackals
  4 quokkas
  9 ball pythons
  2 frilled lizards
  9 kobolds
  4 rats
175 creatures vanquished.

Notes
Turn   | Place    | Note
-------+----------+-------------------------------------------
     0 | D:1      | pkoi the Minotaur Fighter began the quest for the Orb.
     0 | D:1      | Reached XP level 1. HP: 19/19 MP: 0/0
    93 | D:1      | Found a faded altar of an unknown god.
   149 | D:1      | Reached XP level 2. HP: 20/27 MP: 1/1
   517 | D:1      | Reached skill level 4 in Armour
   991 | D:2      | Reached XP level 3. HP: 26/33 MP: 2/2
  1576 | D:3      | Reached XP level 4. HP: 38/40 MP: 3/3
  1672 | D:3      | Reached XP level 5. HP: 34/47 MP: 4/4
  1947 | D:3      | Identified a scroll of acquirement
  1947 | D:3      | Acquired 1020 gold pieces
  2220 | D:3      | Reached skill level 5 in Armour
  2391 | D:3      | Reached skill level 5 in Fighting
  2489 | D:4      | Found Xoakleju's Assorted Antiques.
  2498 | D:4      | Reached skill level 5 in Shields
  2504 | D:4      | Bought a glittering turquoise ring for 130 gold pieces
  2504 | D:4      | Identified the ring of the Secret Artisans {rElec rF++ EV+4
                  | Str-2 Stlth+} (You bought it in a shop on level 4 of the
                  | Dungeon)
  2504 | D:4      | Bought a bloodstained buckler for 247 gold pieces
  2504 | D:4      | Identified the +3 buckler "Fonynguk" {Slay+4} (You bought
                  | it in a shop on level 4 of the Dungeon)
  2601 | D:4      | Noticed an ogre
  2605 | D:4      | Killed an ogre
  2606 | D:4      | Reached XP level 6. HP: 56/56 MP: 5/5
  2839 | D:4      | Noticed a steam dragon
  2844 | D:4      | Reached XP level 7. HP: 62/62 MP: 6/6
  2848 | D:4      | Killed a steam dragon
  2849 | D:4      | Reached skill level 5 in Maces & Flails
  2849 | D:4      | Reached skill level 6 in Armour
  3227 | D:5      | Entered Level 5 of the Dungeon
  3335 | D:5      | Reached XP level 8. HP: 71/71 MP: 7/7
  3540 | D:5      | You fall into a shaft and drop 1 floor!
  3856 | D:5      | Reached skill level 1 in Throwing
  3856 | D:5      | Reached skill level 7 in Armour
  4006 | D:6      | Noticed Maggie
  4028 | D:6      | Killed Maggie
  4336 | D:7      | Noticed Duvessa
  4336 | D:7      | Noticed Dowan
  4340 | D:7      | Killed Duvessa
  4341 | D:7      | Killed Dowan
  4342 | D:7      | Reached XP level 9. HP: 80/80 MP: 8/8
  4386 | D:7      | Found a flagged portal.
  4391 | Bailey   | Entered a bailey
  4432 | Bailey   | Reached skill level 8 in Armour
  4433 | Bailey   | Shot with a bolt by an orc warrior

Illustrated notes

Levels and vault maps discovered:
D:1:      dpeg_arrival_pits, layout_basic, ebering_ecumenical_altar_rust
D:2:      layout_basic, interstate_on_off
D:3:      cheibrodos_greedy_goblins, layout_basic
D:4:      minmay_polygon_palace, layout_rooms, serial_shops, shop_statue,
          kennysheep_cross_room, minivault_26
D:5:      cheibrodos_helix_gallery, layout_basic, kennysheep_generic_room_13
D:6:      layout_rooms, uniq_maggie
D:7:      layout_gridville, minmay_temple_entry_trees, enter_bailey_3,
          uniq_menkaure, uniq_duvessa, uniq_joseph
Bailey:   bailey_polearm_2, bailey

Skill      XL: |  1  2  3  4  5  6  7  8  9 |
---------------+----------------------------+-----
Fighting       | 4 5 6 7 |  7.9
Armour         | 4 5 6 7 8 |  8.0
Shields        | 4 5 6 7 |  7.9
Maces & Flails | 3 4 5 7 |  7.3
Throwing       | 2 3 |  3.2

Action                   |  1- 3 |  4- 6 |  7- 9 || total
-------------------------+-------+-------+-------++-------
Melee: Flail             |   101 |    80 |       ||   181
       Headbutt          |    10 |    22 |    20 ||    52
       Morningstar       |       |    76 |   106 ||   182
Throw: Dart              |       |       |    13 ||    13
       Throwing net      |       |       |     1 ||     1
  Use: Scroll            |     2 |     7 |     4 ||    13
Armor: Scale mail        |    55 |    72 |    20 ||   147
       Steam dragon scal |       |       |    16 ||    16
Dodge: Dodged            |    34 |    57 |    92 ||   183
Block: Kite shield       |    65 |    53 |       ||   118
       Buckler           |       |    20 |    53 ||    73
